Map: Port Aleksander LE

Players

Guru

  • Race: Zerg Zerg
  • League: Master
  • Spawn Location: 11:00

Lambo - Winner!

  • Race: Zerg Zerg
  • League: Grandmaster
  • Spawn Location: 5:00

VOD

Have the link to the VOD?

Description

Time

  • Played on: Dec. 27, 2018, 4:29 p.m.
  • Length: 21:40
Show
View Real Time Build Order
Export as new Build Order

Guru Zerg 

Build Orders: Hatch First, Muta Ling Bane 

Get SALT Encoding   

  12  0:01  Drone  
  13  0:13  Overlord  
  13  0:18  Drone  
  14  0:32  Drone x2  
  16  0:37  Drone  
  17  0:52  Hatchery  
  17  0:56  Drone  
  17  1:00  Drone  
  18  1:10  Extractor  
  17  1:15  Spawning Pool  
  16  1:19  Drone  
  16  1:21  Drone  
  18  1:30  Drone  
  19  1:51  Drone  
  20  2:04  Queen  
  20  2:05  Queen, Drone x2  
  20  2:07  Drone  
  27  2:12  Metabolic Boost  
  27  2:13  Overlord  
  27  2:16  Drone  
  28  2:34  Baneling Nest  
  28  2:35  Drone x3  
  30  2:38  Drone  
  31  2:51  Hatchery  
  30  2:53  Overlord  
  30  2:57  Drone  
  31  2:58  Drone  
  31  3:03  Zergling x2  
  31  3:05  Zergling x2  
  34  3:08  Queen  
  36  3:16  Drone  
  36  3:17  Drone x3  
  40  3:20  Drone  
  40  3:22  Drone  
  40  3:23  Drone  
  40  3:27  Drone  
  44  3:32  Lair  
  44  3:39  Overlord  
  44  3:54  Extractor  
  44  3:55  Extractor  
  42  3:56  Extractor, Drone x3  
  42  3:57  Drone x6  
  42  4:01  Overlord  
  50  4:04  Zergling x2  
  50  4:06  Drone  
  52  4:10  Drone  
  52  4:12  Evolution Chamber  
  52  4:16  Overlord  
  52  4:20  Drone x3  
  52  4:22  Zergling x6  
  52  4:23  Zergling x2  
  58  4:26  Zergling x2  
  58  4:27  Zergling x2  
  59  4:35  Spire  
  59  4:36  Baneling  
  59  4:38  Zergling x6  
  61  4:43  Drone  
  61  4:44  Drone  
  63  4:47  Zerg Melee Weapons Level 1  
  63  4:48  Overlord  
  63  4:55  Drone x2  
  63  4:58  Drone x3  
  63  4:59  Drone x2  
  69  5:00  Drone  
  70  5:14  Overlord  
  70  5:17  Baneling  
  70  5:18  Drone x5  
  70  5:19  Drone  
  76  5:23  Overlord  
  76  5:24  Extractor  
  76  5:25  Extractor  
  76  5:27  Overlord  
  74  5:38  Drone x2  
  74  5:39  Overlord  
  75  5:46  Mutalisk  
  75  5:47  Mutalisk x6  
  75  5:49  Drone x2  
  91  5:53  Drone  
  92  5:57  Zerg Flyer Weapons Level 1  
  92  6:01  Mutalisk  
  92  6:03  Drone  
  92  6:04  Drone x2  
  97  6:06  Hatchery  
  96  6:13  Overlord  
  96  6:17  Centrifical Hooks, Drone x2  
  98  6:27  Overlord  
  98  6:29  Drone  
  98  6:30  Drone x8  
  107  6:35  Infestation Pit  
  107  6:38  Mutalisk x3  
  112  6:42  Drone x4  
  112  6:46  Overlord  
  116  6:48  Drone  
  117  6:55  Mutalisk  
  117  6:56  Mutalisk x2  
  123  7:09  Overlord  
  123  7:12  Overlord  
  123  7:13  Hive  
  123  7:15  Overlord  
  123  7:19  Mutalisk x3  
  123  7:21  Extractor  
  128  7:23  Extractor, Zergling x2  
  128  7:24  Zergling x10  
  133  7:36  Zerg Melee Weapons Level 2  
  133  7:39  Drone  
  133  7:40  Evolution Chamber  
  133  7:43  Zergling x2  
  134  7:44  Zergling x16, Overseer  
  134  7:47  Drone x3  
  145  7:51  Overlord, Zerg Flyer Armor Level 1  
  145  7:52  Overlord  
  145  7:53  Mutalisk  
  145  7:54  Mutalisk  
  145  7:56  Overlord  
  149  8:00  Hatchery  
  147  8:06  Overlord x2  
  147  8:09  Overlord  
  147  8:11  Overlord  
  147  8:13  Mutalisk x4  
  155  8:23  Overlord  
  155  8:24  Baneling  
  155  8:25  Baneling x11  
  155  8:27  Zergling x2  
  155  8:28  Zergling x8  
  155  8:31  Zergling x2  
  155  8:32  Zergling x2  
  162  8:35  Ultralisk Cavern  
  161  8:46  Viper  
  164  8:52  Spine Crawler  
  164  8:53  Spore Crawler  
  164  8:54  Spine Crawler  
  161  8:57  Viper  
  164  9:06  Zergling x2  
  164  9:07  Zergling x30  
  180  9:14  Zerg Ground Armor Level 1  
  180  9:28  Drone x3  
  180  9:30  Chitinous Plating  
  183  9:32  Ultralisk x2  
  183  9:34  Spine Crawler x3  
  183  9:35  Ultralisk  
  196  9:41  Pneumatized Carapace  
  196  9:45  Spore Crawler  
  195  9:48  Spore Crawler  
  188  10:07  Drone  
  188  10:08  Drone  
  188  10:11  Ultralisk  
  196  10:17  Spine Crawler  
  196  10:19  Drone x2  
  197  10:23  Spine Crawler x3  
  197  10:24  Spore Crawler, Spine Crawler, Zerg Melee Weapons Level 3  
  197  10:26  Spine Crawler  
  197  10:27  Drone x5  
  196  10:30  Spine Crawler x2, Drone x4  
  198  10:36  Spore Crawler, Viper  
  198  10:39  Overseer x2  
  200  10:55  Spine Crawler  
  200  10:56  Baneling x3  
  200  10:57  Spore Crawler, Spine Crawler, Baneling  
  199  11:03  Viper  
  198  11:29  Overseer  
  198  11:32  Drone x3  
  200  11:37  Greater Spire  
  170  12:01  Viper x2  
  170  12:02  Viper  
  170  12:05  Ultralisk x3  
  170  12:08  Overseer  
  197  12:14  Drone  
  198  12:22  Zergling x2  
  185  12:57  Ultralisk, Viper  
  185  12:58  Ultralisk, Viper x4  
  187  13:03  Zerg Ground Armor Level 2  
  187  13:05  Zerg Flyer Weapons Level 2  
  197  13:15  Baneling  
  197  13:16  Baneling x9  
  197  13:17  Drone x2  
  199  13:21  Hatchery  
  198  13:30  Extractor  
  198  13:32  Extractor, Evolution Chamber  
  195  13:36  Drone x4  
  195  13:37  Overlord  
  195  13:39  Evolution Chamber x2  
  197  13:42  Evolution Chamber  
  197  13:48  Overseer x3  
  196  13:51  Corruptor  
  196  13:54  Baneling x10  
  198  13:57  Zergling x2  
  107  14:27  Ultralisk x2  
  107  14:28  Ultralisk x3  
  137  14:33  Drone x2  
  137  14:34  Drone x4  
  137  14:35  Drone x3  
  146  14:40  Zergling x2  
  146  14:41  Queen x4, Zergling x22  
  146  14:42  Queen  
  168  14:54  Corruptor x4  
  168  14:55  Corruptor  
  168  14:57  Corruptor x2  
  182  15:03  Baneling  
  182  15:04  Baneling x2  
  182  15:15  Drone x2  
  182  15:16  Spine Crawler  
  182  15:17  Spine Crawler  
  182  15:18  Spore Crawler  
  182  15:19  Spine Crawler x2  
  182  15:20  Spore Crawler, Zerg Flyer Armor Level 2, Drone x2  
  172  15:21  Spore Crawler  
  172  15:22  Drone x2  
  172  15:23  Drone x4  
  172  15:25  Drone  
  178  15:34  Brood Lord x4  
  178  15:35  Brood Lord x2  
  190  15:39  Zergling x18  
  196  16:04  Unknown  
  191  16:12  Baneling  
  191  16:13  Baneling x6  
  188  16:39  Baneling  
  188  16:40  Baneling x5  
  188  16:46  Unknown  
  188  16:47  Unknown  
  185  16:58  Viper x2  
  188  17:04  Brood Lord  
  188  17:05  Brood Lord  
  192  17:13  Corruptor x2  
  196  17:15  Overlord  
  196  17:19  Overlord  
  196  17:25  Overlord  
  196  17:33  Overlord, Extractor  
  196  17:36  Unknown, Zerg Flyer Weapons Level 3  
  195  17:40  Extractor  
  178  18:06  Viper x3  
  186  18:16  Ultralisk x2  
  186  18:17  Zergling x2  
  179  18:29  Ultralisk  
  179  18:30  Ultralisk x3  
  195  18:37  Overseer  
  195  18:38  Overseer x3  
  180  18:50  Ultralisk x3  
  180  18:53  Ultralisk x2  
  185  18:59  Zergling x2  
  185  19:00  Zergling x22  
  185  19:01  Overseer x2  
  185  19:02  Overseer  
  167  19:06  Zergling x2  
  167  19:07  Zergling x6  
  139  19:25  Ultralisk x2  
  139  19:27  Zergling x20  
  139  19:29  Queen x4  
  139  19:30  Queen x2  
  172  19:31  Drone  
  173  19:41  Viper  
  173  19:42  Drone  
  173  19:43  Drone x2  
  173  19:44  Overlord x3  
  179  19:58  Overlord  
  176  20:00  Hatchery, Viper  
  176  20:03  Overlord  
  176  20:05  Overseer  
  178  20:13  Zergling x26  
  191  20:20  Zergling x6  
  194  20:27  Zergling x2  
  194  20:28  Zergling x6  
  184  20:29  Zergling x6  
  176  20:36  Ultralisk x2  
  176  20:37  Ultralisk  
  176  20:39  Zergling x2  
  176  20:40  Zergling x2  
  195  20:48  Zergling x2  
  195  20:49  Zergling x8  
  191  21:01  Baneling x9  
  142  21:22  Overlord  
  123  21:28  Overseer  
Show
View Real Time Build Order
Export as new Build Order

Lambo Zerg - Winner!

Build Orders: Hatch First, Lurkers, Roach Hydra 

Get SALT Encoding   

  12  0:01  Drone  
  13  0:12  Overlord  
  13  0:18  Drone  
  14  0:31  Drone x2  
  16  0:50  Hatchery  
  16  0:53  Drone  
  16  0:57  Drone  
  17  0:59  Drone  
  18  1:10  Extractor  
  17  1:15  Spawning Pool  
  16  1:19  Drone  
  16  1:22  Drone  
  18  1:30  Drone  
  19  1:39  Drone  
  20  1:50  Drone  
  21  2:01  Drone  
  21  2:02  Queen x2  
  21  2:03  Overlord  
  26  2:11  Drone  
  26  2:13  Metabolic Boost  
  27  2:16  Drone  
  28  2:25  Drone x2  
  30  2:39  Hatchery  
  30  2:43  Drone x2  
  31  2:49  Baneling Nest  
  31  2:50  Drone  
  31  2:54  Overlord  
  31  2:57  Zergling x2  
  32  3:00  Drone  
  33  3:07  Drone x2  
  35  3:13  Drone x3  
  35  3:15  Drone  
  35  3:16  Drone  
  35  3:17  Drone  
  35  3:19  Zergling x2  
  42  3:21  Zergling x2  
  43  3:29  Drone  
  44  3:40  Evolution Chamber  
  43  3:41  Drone  
  44  3:49  Overlord  
  44  3:50  Queen  
  44  3:51  Drone x4  
  50  3:57  Overlord, Extractor  
  50  3:59  Extractor, Drone  
  50  4:01  Drone  
  50  4:03  Baneling x2  
  50  4:05  Roach Warren  
  49  4:11  Zergling x8  
  53  4:17  Zerg Missile Weapons Level 1, Drone  
  53  4:21  Drone x4  
  53  4:22  Drone  
  53  4:23  Drone x2  
  60  4:28  Drone x2  
  60  4:31  Drone  
  63  4:34  Lair  
  63  4:37  Overlord  
  63  4:40  Drone  
  64  4:50  Drone x2  
  66  4:53  Overlord  
  66  4:59  Drone x6  
  72  5:01  Drone x2  
  72  5:06  Overlord  
  73  5:08  Overlord  
  73  5:09  Baneling  
  73  5:10  Overlord  
  73  5:12  Overlord  
  73  5:13  Overlord  
  72  5:15  Drone  
  72  5:18  Drone x2  
  72  5:20  Extractor  
  74  5:21  Extractor  
  74  5:22  Extractor  
  74  5:23  Drone  
  74  5:26  Baneling  
  74  5:27  Baneling  
  73  5:29  Queen  
  73  5:32  Roach x4  
  73  5:33  Roach x2  
  87  5:36  Roach x2  
  87  5:37  Roach  
  92  5:43  Roach  
  92  5:44  Roach x2  
  92  5:45  Drone x3  
  101  5:54  Queen x2  
  105  6:04  Queen  
  105  6:08  Drone x6  
  113  6:13  Spore Crawler  
  113  6:15  Spore Crawler x3  
  113  6:18  Drone x3  
  111  6:20  Spore Crawler  
  111  6:22  Drone  
  111  6:23  Drone, Zerg Missile Weapons Level 2  
  113  6:27  Glial Reconstitution  
  113  6:28  Hydralisk Den  
  112  6:37  Drone  
  113  6:40  Spore Crawler  
  113  6:41  Queen, Spore Crawler, Baneling  
  113  6:42  Baneling x3  
  113  6:45  Spore Crawler  
  113  6:50  Overlord  
  113  6:53  Drone  
  112  6:56  Drone  
  112  7:00  Lurker Den  
  112  7:01  Grooved Spines  
  112  7:05  Drone, Overseer  
  113  7:10  Queen x2  
  113  7:11  Overlord  
  113  7:14  Hydralisk x2  
  121  7:23  Overlord x2  
  121  7:26  Infestation Pit  
  121  7:29  Queen, Overlord  
  122  7:34  Overlord  
  122  7:41  Overlord  
  122  7:42  Hydralisk x4  
  122  7:43  Hydralisk x3  
  136  7:48  Pneumatized Carapace  
  136  7:49  Overseer  
  136  7:50  Hydralisk  
  136  7:51  Hydralisk  
  138  7:54  Tunneling Claws  
  138  7:55  Spore Crawler, Burrow  
  139  8:03  Hydralisk x3  
  145  8:12  Muscular Augments  
  145  8:13  Spore Crawler  
  145  8:15  Spore Crawler  
  143  8:24  Hive  
  143  8:35  Overlord  
  143  8:38  Overlord, Lurker x4  
  143  8:40  Lurker x2  
  143  8:41  Roach x6  
  161  8:44  Overlord  
  161  8:48  Spore Crawler  
  161  8:50  Spore Crawler  
  159  9:09  Overlord, Hydralisk  
  159  9:10  Hydralisk x7  
  159  9:16  Overlord  
  175  9:20  Spore Crawler  
  175  9:22  Spore Crawler  
  175  9:23  Spore Crawler  
  172  9:28  Spore Crawler  
  169  9:42  Roach x12, Hatchery  
  169  9:43  Hydralisk x3  
  169  9:44  Hydralisk x2  
  178  9:46  Roach x12  
  178  9:47  Spore Crawler  
  178  9:48  Zerg Missile Weapons Level 3, Spore Crawler  
  178  9:51  Drone x4  
  180  9:54  Evolution Chamber  
  175  10:08  Viper x3  
  184  10:20  Zerg Ground Armor Level 1  
  184  10:21  Spore Crawler  
  183  10:30  Hatchery  
  183  10:31  Drone x5  
  187  10:35  Evolution Chamber  
  187  10:39  Evolution Chamber x2  
  187  10:42  Lurker x3  
  187  10:45  Lurker  
  187  10:46  Roach x4  
  188  10:50  Overseer  
  176  10:58  Overseer  
  176  11:01  Spore Crawler  
  176  11:02  Spore Crawler x2  
  173  11:09  Hydralisk x7  
  181  11:12  Drone x10  
  183  11:24  Spore Crawler  
  182  11:26  Spore Crawler x2, Drone x2  
  182  11:27  Spore Crawler, Lurker  
  182  11:28  Spore Crawler, Lurker  
  180  11:38  Lurker  
  179  11:45  Extractor x2  
  174  11:50  Unknown x3  
  174  11:54  Hatchery  
  173  12:06  Drone x4  
  173  12:07  Drone x4  
  181  12:16  Zerg Ground Armor Level 2  
  181  12:18  Adrenal Glands  
  181  12:20  Overseer  
  181  12:23  Hydralisk x2  
  181  12:25  Zerg Melee Weapons Level 1  
  191  12:40  Viper x2  
  183  12:56  Drone x11  
  184  13:04  Lurker x3  
  187  13:13  Drone x3  
  190  13:30  Overseer  
  190  13:39  Viper  
  190  13:40  Hydralisk x3  
  199  14:00  Hatchery  
  199  14:02  Spore Crawler  
  186  14:13  Hydralisk x16  
  186  14:15  Unknown x3  
  186  14:16  Unknown  
  185  14:20  Viper x2  
  187  14:29  Drone x3  
  190  14:32  Spore Crawler  
  190  14:34  Spore Crawler  
  190  14:35  Drone x3  
  191  14:58  Drone, Zerg Ground Armor Level 3  
  191  14:59  Drone x2  
  194  15:06  Overseer x3  
  194  15:22  Lurker  
  194  15:23  Lurker  
  196  15:29  Drone x2  
  196  15:30  Drone x2  
  200  15:41  Spore Crawler  
  199  15:45  Spore Crawler  
  198  16:11  Lurker x2  
  200  16:15  Extractor x2, Spore Crawler  
  200  16:16  Spore Crawler  
  200  16:18  Spine Crawler  
  195  16:21  Spine Crawler  
  194  16:34  Drone x3  
  194  16:35  Drone x3  
  200  16:45  Unknown  
  200  16:46  Unknown x2, Hydralisk  
  196  16:55  Hydralisk x7  
  196  16:57  Drone  
  196  16:58  Overlord  
  200  17:28  Evolution Chamber  
  199  17:30  Evolution Chamber  
  196  18:03  Hydralisk x3  
  194  18:30  Hydralisk x3  
  191  18:53  Hydralisk x16, Unknown  
  197  18:56  Hydralisk  
  196  19:09  Hydralisk x2  
  198  19:15  Unknown x2, Hydralisk x4  
  198  19:16  Hydralisk  
  194  19:18  Hydralisk x7  
  172  19:25  Hydralisk x9  
  172  19:30  Drone x2  
  200  19:33  Hatchery  
  200  19:38  Lurker x3  
  200  19:42  Lurker  
  200  19:45  Lurker x7, Hydralisk x4  
  200  20:23  Hydralisk x2  
  199  20:35  Hydralisk x5  
  188  20:46  Drone x13  
  197  20:51  Drone x3  
  200  21:10  Unknown  
  200  21:11  Unknown, Hydralisk  
  194  21:12  Hydralisk x3  
  194  21:16  Hydralisk  
  198  21:24  Lurker x3  
  195  21:31  Lurker x2  
Tags
 
Add a new tag
Caveats
  • Supply blocks, unpowered buildings, or Contaminate may cause inaccurate times.
  • Supply counts are checked every 10 seconds.